[Event "Titled Tuesday Blitz April 19 Early 2022"]
[White "Jarocka, Liwia"]
[Black "Garagulya, Konstantin"]
[WhiteFideId "21807558"]
[BlackFideId "4128931"]
[WhiteElo "1896"]
[BlackElo "2329"]
[Result "0-1"]
[Round "02"]
[TimeControl "180+1"]
[Date "2022.04.19"]
[WhiteClock "0:00:17"]
[BlackClock "0:00:20"]

1. e4 c5 2. Nf3 a6 3. c4 Nc6 4. d4 cxd4 5. Nxd4 g6 6. Nc3 Bg7 7. Be3 Nf6 8. Be2 O-O 9. O-O d6 10. Rc1 Bd7 11. a3 Rc8 12. b4 Ne5 13. Nd5 Nxe4 14. Re1 Nf6 15. f4 Neg4 16. Nxf6+ Nxf6 17. Bf3 Qc7 18. c5 dxc5 19. Rxc5 Qb8 20. Nb3 Ba4 21. Qb1 b6 22. Rxc8 Rxc8 23. Nd4 e6 24. Rc1 Nd5 25. Bxd5 exd5 26. g3 Rc4 27. Nf3 Qc7 28. h4 d4 29. Rxc4 Qxc4 30. Qc1 Qxc1+ 31. Bxc1 Kf8 32. Kf2 Ke7 33. Ne5 f6 34. Nd3 Kd6 35. Ke2 Kd5 36. Kd2 Bf8 37. Nf2 a5 38. bxa5 bxa5 39. Bb2 Bb5 40. Ng4 Be7 41. Nh6 Ke4 42. Ng8 Bd8 43. Bc1 Bc4 44. Bb2 Bxg8 0-1


[Site "https://www.chess.com"]

[Event "Titled Tuesday Blitz April 19 Early 2022"]
[White "Jegorovas, Aleksandras"]
[Black "Samarth, J Rao"]
[WhiteFideId "12801950"]
[BlackFideId "46652370"]
[WhiteElo "2247"]
[BlackElo "1514"]
[Result "1-0"]
[Round "02"]
[TimeControl "180+1"]
[Date "2022.04.19"]
[WhiteClock "0:00:58"]
[BlackClock "0:01:39"]

1. d4 d5 2. c3 c5 3. Nf3 Nf6 4. Bf4 e6 5. e3 Nc6 6. Nbd2 Be7 7. Bb5 Qb6 8. Qe2 a6 9. Bxc6+ bxc6 10. b3 cxd4 11. cxd4 O-O 12. O-O a5 13. Rfc1 Ba6 14. Qd1 Rfc8 15. Ne5 c5 16. dxc5 Bxc5 17. Ndf3 h6 18. Nd4 Ne4 19. Nd7 Qa7 20. Nxc5 Rxc5 21. Bg3 Rac8 22. Rxc5 Qxc5 23. Nf3 Qc3 24. Be5 Qc2 25. Qxc2 Rxc2 26. Bg3 Nc3 27. a3 Rb2 28. b4 axb4 29. axb4 Rxb4 30. h4 Bd3 31. Ra8+ Kh7 32. Ne5 Bg6 33. Nd7 h5 34. Nf8+ Kh6 35. Bf4+ Rxf4 36. exf4 Ne2+ 37. Kh2 Nxf4 38. Kg3 Ne2+ 39. Kf3 Nc3 40. Nd7 d4 41. Rh8+ Bh7 42. Nf8 d3 43. Rxh7# 1-0


[Site "https://www.chess.com"]

[Event "Titled Tuesday Blitz April 19 Early 2022"]
[White "Jobava, Baadur"]
[Black "Murthy, Pappu"]
[WhiteFideId "13601520"]
[BlackFideId "2013401"]
[WhiteElo "2617"]
[BlackElo "1923"]
[Result "1-0"]
[Round "02"]
[TimeControl "180+1"]
[Date "2022.04.19"]
[WhiteClock "0:01:43"]
[BlackClock "0:01:12"]

1. e4 c5 2. Nf3 d6 3. d4 cxd4 4. Nxd4 Nf6 5. Nc3 g6 6. Be2 Bg7 7. O-O O-O 8. Be3 Nc6 9. a4 a5 10. Ndb5 Bd7 11. Qd2 Nb4 12. Rfd1 b6 13. h3 Rb8 14. Na3 Qc8 15. Nc4 Bxh3 16. gxh3 Qxh3 17. Bf1 Qg4+ 18. Bg2 Rfc8 19. Nxb6 Rxc3 20. bxc3 Nxe4 21. f3 Bxc3 22. fxg4 Nxd2 23. Bxd2 Bxa1 24. Bxb4 axb4 25. Nd7 Rb7 26. Bxb7 1-0


[Site "https://www.chess.com"]

[Event "Titled Tuesday Blitz April 19 Early 2022"]
[White "Johnson, Ben"]
[Black "Suarez Uriel, Adrian"]
[WhiteFideId "2010917"]
[BlackFideId "22230874"]
[WhiteElo "2127"]
[BlackElo "2316"]
[Result "0-1"]
[Round "02"]
[TimeControl "180+1"]
[Date "2022.04.19"]
[WhiteClock "0:00:20"]
[BlackClock "0:02:28"]

1. Nf3 Nf6 2. c4 g6 3. b3 Bg7 4. Bb2 O-O 5. g3 b6 6. Bg2 Bb7 7. O-O e6 8. d3 Qe7 9. Nbd2 c5 10. e4 d5 11. e5 Nfd7 12. Qe2 d4 13. Ne4 Nxe5 14. Nxe5 Bxe5 15. f4 Bg7 16. Rae1 Nd7 17. Bc1 Nf6 18. Nxf6+ Bxf6 19. f5 Bxg2 20. Qxg2 Rae8 21. fxe6 fxe6 22. Bf4 Bg5 23. Bxg5 Qxg5 24. Rxf8+ Rxf8 25. h4 Qf5 26. Re4 e5 27. g4 Qf6 28. Qg3 Qf1+ 29. Kh2 Rf2+ 0-1


[Site "https://www.chess.com"]

[Event "Titled Tuesday Blitz April 19 Early 2022"]
[White "Kahlert, Thomas"]
[Black "Sharafiev, Azat"]
[WhiteFideId "4625242"]
[BlackFideId "4186214"]
[WhiteElo "2228"]
[BlackElo "2299"]
[Result "1/2-1/2"]
[Round "02"]
[TimeControl "180+1"]
[Date "2022.04.19"]
[WhiteClock "0:00:47"]
[BlackClock "0:00:17"]

1. d4 Nf6 2. Nf3 d5 3. c4 e6 4. Nc3 Be7 5. Bg5 O-O 6. e3 b6 7. cxd5 Nxd5 8. Bxe7 Qxe7 9. Rc1 Nxc3 10. Rxc3 Bb7 11. Be2 Rc8 12. Qc2 c5 13. dxc5 Na6 14. O-O Rxc5 15. Bxa6 Rxc3 16. Qxc3 Bxa6 17. Rc1 h6 18. a3 Rc8 19. Qd2 Rxc1+ 20. Qxc1 Bb7 21. Qc3 Qd7 22. h3 Qd1+ 23. Ne1 Bd5 24. Kh2 Qe2 25. f3 g5 26. e4 Bb7 27. Nc2 Qb5 28. Nd4 Qe5+ 29. Kg1 Kh7 30. Ne2 Qxc3 31. Nxc3 Kg7 32. Kf2 f5 33. exf5 exf5 34. g3 Kf6 35. f4 Ke6 36. Ke3 Bc6 37. Kd4 Kd6 38. h4 gxh4 39. gxh4 a5 40. b4 Ke6 41. bxa5 bxa5 42. Kc5 Bf3 43. Nb5 Kf6 44. Nd4 Bd1 45. Kd6 Kg6 46. Ke5 Bg4 47. Ke6 Kh5 48. Kf6 Kxh4 49. Nxf5+ Bxf5 50. Kxf5 Kg3 51. a4 h5 52. Kg5 h4 53. f5 h3 54. f6 h2 55. f7 h1=Q 56. f8=Q Qh4+ 57. Kg6 Qg4+ 58. Kh6 Qf4+ 59. Qxf4+ Kxf4 60. Kg6 Ke4 61. Kg5 Kd4 62. Kf4 Kc4 63. Ke4 Kb4 64. Kd3 Kxa4 65. Kc2 Ka3 66. Kb1 Kb3 67. Ka1 a4 68. Kb1 a3 69. Ka1 a2 1/2-1/2


[Site "https://www.chess.com"]

[Event "Titled Tuesday Blitz April 19 Early 2022"]
[White "Kamsky, Gata"]
[Black "Janaszak, Dawid"]
[WhiteFideId "2000024"]
[BlackFideId "1119206"]
[WhiteElo "2645"]
[BlackElo "2199"]
[Result "1-0"]
[Round "02"]
[TimeControl "180+1"]
[Date "2022.04.19"]
[WhiteClock "0:00:54"]
[BlackClock "0:00:13"]

1. e4 c5 2. Nf3 Nc6 3. d4 cxd4 4. Nxd4 e5 5. Nb5 d6 6. c4 Be6 7. N1c3 a6 8. Na3 Be7 9. Nc2 Nf6 10. Be2 O-O 11. O-O Rc8 12. Be3 Na5 13. b3 b5 14. Nd5 Bxd5 15. exd5 bxc4 16. b4 Nb7 17. Na3 c3 18. Nc4 Nd7 19. Rc1 a5 20. a3 axb4 21. axb4 Bg5 22. Bxg5 Qxg5 23. Rxc3 Nb6 24. Rg3 Qd8 25. Na5 Nxa5 26. bxa5 Nc4 27. a6 Qa5 28. Qa1 Qxa1 29. Rxa1 Nb6 30. a7 f5 31. Rga3 Na8 32. Bb5 Rf7 33. Bc6 Kf8 34. Rb3 Nc7 35. Rb8 1-0


[Site "https://www.chess.com"]

[Event "Titled Tuesday Blitz April 19 Early 2022"]
[White "Karas, Marek"]
[Black "Kaasen, Tor Fredrik"]
[WhiteFideId "14928558"]
[BlackFideId "1516647"]
[WhiteElo "2271"]
[BlackElo "2335"]
[Result "0-1"]
[Round "02"]
[TimeControl "180+1"]
[Date "2022.04.19"]
[WhiteClock "0:00:21"]
[BlackClock "0:01:46"]

1. Nf3 Nf6 2. b3 g6 3. Bb2 Bg7 4. e3 O-O 5. c4 d6 6. d4 e5 7. dxe5 dxe5 8. Qxd8 Rxd8 9. Be2 e4 10. Nd4 a6 11. Nc3 Nbd7 12. O-O Nc5 13. Rfd1 Bg4 14. Kf1 Nd3 15. Rab1 Nxb2 16. Rxb2 c5 17. Nc2 Rxd1+ 18. Bxd1 Rd8 19. Ke1 Nh5 20. Nd5 Bxd1 0-1


[Site "https://www.chess.com"]

[Event "Titled Tuesday Blitz April 19 Early 2022"]
[White "Karavade, Eesha"]
[Black "Bashirli, Saadat"]
[WhiteFideId "5012600"]
[BlackFideId "13429990"]
[WhiteElo "2258"]
[BlackElo "1173"]
[Result "1-0"]
[Round "02"]
[TimeControl "180+1"]
[Date "2022.04.19"]
[WhiteClock "0:01:05"]
[BlackClock "0:01:51"]

1. Nf3 d5 2. c4 Nf6 3. g3 dxc4 4. Qa4+ Nc6 5. Bg2 Bd7 6. Qxc4 e5 7. O-O Bd6 8. Nc3 O-O 9. d3 Be6 10. Qa4 Qe7 11. Bg5 h6 12. Bxf6 Qxf6 13. Ne4 Qe7 14. Rac1 f5 15. Nxd6 cxd6 16. Nh4 d5 17. Ng6 Qd6 18. Nxf8 Rxf8 19. e3 f4 20. exf4 exf4 21. Rfe1 Ne5 22. Qd4 fxg3 23. hxg3 Nc6 24. Qc5 Qxc5 25. Rxc5 Rf6 26. Rxe6 Rxe6 27. Bxd5 Nd4 28. Rc7 Kf8 29. Bxe6 Nxe6 30. Rxb7 Nc5 31. Rxa7 Nxd3 32. b3 Nc5 33. b4 Nd3 34. b5 Nb4 35. b6 Nc6 1-0


[Site "https://www.chess.com"]

[Event "Titled Tuesday Blitz April 19 Early 2022"]
[White "Kezin, Roman"]
[Black "Trost, Edvin"]
[WhiteFideId "24124621"]
[BlackFideId "1729519"]
[WhiteElo "2570"]
[BlackElo "2160"]
[Result "1-0"]
[Round "02"]
[TimeControl "180+1"]
[Date "2022.04.19"]
[WhiteClock "0:01:33"]
[BlackClock "0:01:26"]

1. e4 c5 2. Be2 Nc6 3. f4 d5 4. d3 e6 5. Nf3 Bd6 6. O-O Nge7 7. c3 b5 8. Be3 Bb7 9. e5 Nf5 10. Bf2 Be7 11. d4 c4 12. Nbd2 h5 13. g3 a5 14. Kg2 Qb6 15. h3 g6 16. g4 Ng7 17. Ng5 b4 18. Ndf3 a4 19. b3 bxc3 20. bxc4 dxc4 21. d5 exd5 22. Bxb6 Bd8 23. Qxd5 1-0


[Site "https://www.chess.com"]

[Event "Titled Tuesday Blitz April 19 Early 2022"]
[White "Kim, Sergey"]
[Black "Ibarra Jerez, Jose Carlos"]
[WhiteFideId "13700570"]
[BlackFideId "2226332"]
[WhiteElo "2577"]
[BlackElo "2626"]
[Result "1-0"]
[Round "02"]
[TimeControl "180+1"]
[Date "2022.04.19"]
[WhiteClock "0:00:26"]
[BlackClock "0:00:03"]

1. d4 d6 2. c4 e5 3. Nf3 e4 4. Ng5 f5 5. Nc3 Be7 6. h4 Nf6 7. Bf4 Nh5 8. e3 Nxf4 9. exf4 O-O 10. Qh5 h6 11. Qg6 hxg5 12. hxg5 Qe8 13. Qh7+ Kf7 14. Nd5 Bd8 15. Rh6 Rg8 16. Be2 Kf8 17. Bh5 Qd7 18. Rg6 Qa4 19. Nf6 Qb4+ 20. Kd1 Qxc4 21. Rc1 Qf7 22. Rh6 Qxa2 23. Qg6 Qa4+ 24. Ke1 Be6 25. Nxg8 Bxg8 26. Rh8 Qb4+ 27. Kf1 Qb3 28. Qe8# 1-0


[Site "https://www.chess.com"]

[Event "Titled Tuesday Blitz April 19 Early 2022"]
[White "Kobo, Ori"]
[Black "Ianov, Viktor"]
[WhiteFideId "2812320"]
[BlackFideId "14102730"]
[WhiteElo "2420"]
[BlackElo "2161"]
[Result "1-0"]
[Round "02"]
[TimeControl "180+1"]
[Date "2022.04.19"]
[WhiteClock "0:00:10"]
[BlackClock "0:00:20"]

1. Nf3 d6 2. e4 g6 3. d4 Bg7 4. Nc3 a6 5. Be3 b5 6. Bd3 Bb7 7. a4 b4 8. Nb1 Nd7 9. a5 c5 10. c3 bxc3 11. bxc3 Ngf6 12. Nbd2 O-O 13. O-O Qc7 14. Qe2 e5 15. d5 h6 16. Nc4 Ng4 17. Bd2 Rfb8 18. h3 Ngf6 19. Rfb1 Bc8 20. Qd1 Nh5 21. Qa4 Nf4 22. Bf1 Nf6 23. Nb6 Ra7 24. Ra2 Bd7 25. Qc2 Be8 26. Rab2 g5 27. g3 Ng6 28. Ne1 Nd7 29. Ng2 Rbb7 30. Ne3 Ne7 31. Be2 Nf6 32. Bd3 Bd7 33. Kg2 Bf8 34. Qd1 Kg7 35. Qe2 Bb5 36. Bxb5 axb5 37. Rxb5 Nxe4 38. Nf5+ Nxf5 39. Qxe4 Ne7 40. c4 f5 41. Qe2 Ng6 42. Bc3 Be7 43. Kh2 Bf6 44. Qc2 Ne7 45. f4 e4 46. Bxf6+ Kxf6 47. Qb2+ Kg6 48. fxg5 hxg5 49. h4 Rb8 50. hxg5 Kxg5 51. Qd2+ Kg6 52. Qf4 Rh8+ 53. Kg2 Rh5 54. Rh1 Rxh1 55. Kxh1 Rxa5 56. Rxa5 Qxb6 57. Rb5 Qa6 58. Kg2 Qa2+ 59. Kh3 Qxc4 60. Qxd6+ Kf7 61. Qe6+ Kg7 62. Qxe7+ Kg6 63. Rb6+ Kh5 64. Qh4# 1-0


[Site "https://www.chess.com"]

[Event "Titled Tuesday Blitz April 19 Early 2022"]
[White "Koc, Przemyslaw"]
[Black "De Arruda, Leandro Formes"]
[WhiteFideId "1109081"]
[BlackFideId "22722009"]
[WhiteElo "2141"]
[BlackElo "1852"]
[Result "1-0"]
[Round "02"]
[TimeControl "180+1"]
[Date "2022.04.19"]
[WhiteClock "0:01:30"]
[BlackClock "0:00:55"]

1. d4 d5 2. Nf3 Nf6 3. e3 e6 4. Bd3 Bd6 5. b3 Nbd7 6. Bb2 O-O 7. O-O Ne4 8. c4 c6 9. Nc3 f5 10. Rc1 Qf6 11. c5 Bc7 12. b4 g5 13. Nd2 Qh6 14. g3 Rf6 15. f3 Nxg3 16. hxg3 Bxg3 17. Qe2 Qh4 18. Qg2 Rh6 19. Rfd1 Bh2+ 20. Kf1 g4 21. f4 Nf6 22. Ke2 Ne4 23. Ncxe4 dxe4 24. Bc4 g3 25. Rh1 Qg4+ 26. Ke1 Bd7 27. Be2 Qg6 28. Nf1 Kf7 29. Nxh2 gxh2 30. Rxh2 Qxg2 31. Rxg2 a5 32. b5 cxb5 33. Kd2 b4 34. Rcg1 Rg6 35. Bh5 Rg8 36. Bxg6+ hxg6 37. Rh2 Bb5 38. Rh7+ 1-0


[Site "https://www.chess.com"]

[Event "Titled Tuesday Blitz April 19 Early 2022"]
[White "Koelle, Tobias"]
[Black "Lopez, Henry"]
[WhiteFideId "16207378"]
[BlackFideId "5203830"]
[WhiteElo "2541"]
[BlackElo "2177"]
[Result "1-0"]
[Round "02"]
[TimeControl "180+1"]
[Date "2022.04.19"]
[WhiteClock "0:02:27"]
[BlackClock "0:00:04"]

1. Nf3 c5 2. b3 Nc6 3. Bb2 d6 4. e3 e5 5. Nc3 Nf6 6. d4 e4 7. Ng5 d5 8. f3 h6 9. Nh3 cxd4 10. exd4 Bxh3 11. gxh3 Qa5 12. a3 Qb6 13. Na4 Qc7 14. Bg2 Bd6 15. fxe4 dxe4 16. Qe2 Bxh2 17. O-O-O 1-0


[Site "https://www.chess.com"]

[Event "Titled Tuesday Blitz April 19 Early 2022"]
[White "Kollars, Dmitrij"]
[Black "Samant Aditya S"]
[WhiteFideId "12909572"]
[BlackFideId "35080580"]
[WhiteElo "2584"]
[BlackElo "1916"]
[Result "1/2-1/2"]
[Round "02"]
[TimeControl "180+1"]
[Date "2022.04.19"]
[WhiteClock "0:00:19"]
[BlackClock "0:00:10"]

1. Nf3 Nf6 2. c4 e6 3. e3 b6 4. b3 Bb7 5. Bb2 c5 6. Nc3 Nc6 7. Be2 d5 8. cxd5 exd5 9. d4 Be7 10. O-O O-O 11. Rc1 Rc8 12. Na4 Ne4 13. dxc5 bxc5 14. Nd2 Qa5 15. Nxe4 dxe4 16. Qd5 Nd4 17. Qc4 Bd5 18. Qa6 Nxe2+ 19. Qxe2 Be6 20. Bc3 Qc7 21. Qb2 f6 22. Bd4 Qa5 23. Nxc5 Bxc5 24. Rxc5 Rxc5 25. b4 Qxa2 26. Qxa2 Bxa2 27. Bxc5 Rd8 28. Bxa7 Rd2 29. Bd4 Bc4 30. Rc1 Be2 31. h3 Rd1+ 32. Rxd1 Bxd1 33. b5 Ba4 34. b6 Bc6 35. Kh2 Kf7 36. g4 g5 37. Kg3 h6 38. h4 Ke6 39. h5 Bb7 40. Bc5 Kf7 41. Bd6 Bc6 42. Kg2 Bb7 43. Kf1 Bc8 44. Ke1 Ke8 45. f3 exf3 46. Kf2 Bb7 47. Bc5 Kf7 48. Ke1 Ke8 49. Kd2 Kf7 50. Kd3 Ba6+ 51. Kd2 f2 52. b7 Bxb7 53. Ke2 Bf3+ 54. Kxf2 Bxg4 55. e4 Bxh5 56. Ke3 Ke6 57. Bf8 Kf7 58. Bxh6 Bg4 59. Kd4 Be6 60. Ke3 Kg6 61. Bf8 Kf7 62. Bd6 Bd7 63. Bc7 Bc6 64. Bd8 Ke6 65. Kd4 Bb7 66. Bc7 Bc6 67. Bd8 Be8 68. Bc7 Bg6 69. Bd8 g4 70. Bc7 Be8 71. Bg3 Bc6 72. Bh4 f5 73. exf5+ Kxf5 74. Bg3 Kg5 75. Ke5 Bf3 76. Bf2 Kg6 77. Bg3 1/2-1/2


[Site "https://www.chess.com"]

[Event "Titled Tuesday Blitz April 19 Early 2022"]
[White "Korchmar, Vasiliy"]
[Black "Pein, Jonathan"]
[WhiteFideId "24131750"]
[BlackFideId "417092"]
[WhiteElo "2370"]
[BlackElo "2140"]
[Result "1-0"]
[Round "02"]
[TimeControl "180+1"]
[Date "2022.04.19"]
[WhiteClock "0:00:16"]
[BlackClock "0:00:13"]

1. d4 Nf6 2. Bf4 d5 3. e3 c5 4. Nf3 Bg4 5. Nbd2 Nbd7 6. c3 e6 7. Qb3 Qb6 8. Ne5 Nxe5 9. Bxe5 Nd7 10. Bb5 c4 11. Qa4 Rd8 12. b3 f6 13. Bg3 cxb3 14. axb3 a6 15. Bxd7+ Rxd7 16. b4 h5 17. h3 Bf5 18. Nb3 Bd3 19. Kd2 Bb5 20. Qa5 Qc6 21. Nc5 Rd8 22. Qc7 Rc8 23. Qxb7 h4 24. Bh2 Be7 25. Qxc6+ Rxc6 26. Ra3 Bxc5 27. bxc5 O-O 28. Rha1 Kf7 29. Bd6 Rh8 30. Ra5 Rh5 31. Bf4 e5 32. Bh2 Rf5 33. Ke1 Rg5 34. g4 e4 35. Rb1 f5 36. Bf4 Rgg6 37. g5 Rge6 38. Rbxb5 axb5 39. Rxb5 Re7 40. Ra5 Rb7 41. Kf1 Rb1+ 42. Kg2 Rb3 43. Ra7+ Kg6 44. Be5 Kxg5 45. Rxg7+ Kh6 46. Rd7 Rxc3 47. Rxd5 Rg6+ 48. Kh2 Rc2 49. Bf4+ Kh5 50. Rxf5+ 1-0


[Site "https://www.chess.com"]

[Event "Titled Tuesday Blitz April 19 Early 2022"]
[White "Kosteniuk, Alexandra"]
[Black "Soucek, Petr"]
[WhiteFideId "4128125"]
[BlackFideId "23715170"]
[WhiteElo "2469"]
[BlackElo "1979"]
[Result "1-0"]
[Round "02"]
[TimeControl "180+1"]
[Date "2022.04.19"]
[WhiteClock "0:01:14"]
[BlackClock "0:00:03"]

1. e4 d6 2. d4 Nf6 3. Nc3 g6 4. Be3 c6 5. Qd2 Nbd7 6. Nf3 b5 7. e5 Ng4 8. e6 fxe6 9. Ng5 Ndf6 10. Be2 Nxe3 11. Qxe3 b4 12. Nce4 Nd5 13. Qf3 Nf6 14. h4 h6 15. Nh3 Bg7 16. Nf4 Kf7 17. Nxf6 exf6 18. Qxc6 Rb8 19. Qf3 f5 20. h5 g5 21. Ng6 Re8 22. O-O-O Qa5 23. Bc4 Bb7 24. d5 g4 25. dxe6+ Kg8 26. Qb3 d5 27. Bxd5 Bxd5 28. Rxd5 Qb6 29. e7 Kh7 30. Rxf5 Rbc8 31. Rd1 a5 32. Kb1 Qc6 33. Ne5 Bxe5 34. Rxe5 Qf6 35. Qd3+ Kh8 36. Rde1 Qxf2 37. Re6 Qf4 38. g3 Qg5 39. Qd4+ Kg8 40. Rg6+ Qxg6 41. hxg6 Rc7 42. Qd5+ Kg7 43. Qf7+ Kh8 44. Qh7# 1-0


[Site "https://www.chess.com"]

[Event "Titled Tuesday Blitz April 19 Early 2022"]
[White "Kozak, Antoni"]
[Black "Prohorov, Olexandr"]
[WhiteFideId "21832030"]
[BlackFideId "14105578"]
[WhiteElo "2236"]
[BlackElo "1993"]
[Result "1-0"]
[Round "02"]
[TimeControl "180+1"]
[Date "2022.04.19"]
[WhiteClock "0:00:01"]
[BlackClock "0:00:01"]

1. Nf3 c6 2. c4 g6 3. Nc3 Bg7 4. d4 Nf6 5. e4 d6 6. h3 O-O 7. Be2 Nbd7 8. Be3 Qc7 9. g4 e5 10. d5 Nc5 11. Qc2 a5 12. Nd2 Bd7 13. g5 Ne8 14. h4 f5 15. h5 f4 16. Bxc5 dxc5 17. h6 Bh8 18. O-O-O Nd6 19. Kb1 Rfb8 20. Rhg1 Be8 21. Bg4 Bf7 22. a4 Qe7 23. Rde1 Qxg5 24. dxc6 bxc6 25. Bd7 Qxh6 26. Bxc6 Ra6 27. Bb5 Ra7 28. Nd5 Qg7 29. Nf3 Bxd5 30. exd5 e4 31. Ng5 Re7 32. Ne6 Qf6 33. Rg4 Rxe6 34. dxe6 Qf5 35. f3 Qxe6 36. Rxf4 e3 37. Rg4 Rd8 38. Rg2 Bg7 39. Rge2 Bh6 40. Rd1 Kg7 41. Bc6 Nf7 42. Bd5 Qf6 43. Qd3 Rb8 44. Qc2 Ne5 45. Ka2 Nxf3 46. Rf1 1-0


[Site "https://www.chess.com"]

[Event "Titled Tuesday Blitz April 19 Early 2022"]
[White "Krsnik Cohar, Ivan Vihor"]
[Black "Kostiukov, Alexandr"]
[WhiteFideId "14520044"]
[BlackFideId "14108100"]
[WhiteElo "2414"]
[BlackElo "2202"]
[Result "1-0"]
[Round "02"]
[TimeControl "180+1"]
[Date "2022.04.19"]
[WhiteClock "0:02:20"]
[BlackClock "0:01:31"]

1. d4 g6 2. Bg5 Bg7 3. c3 h6 4. Bh4 g5 5. Bg3 f5 6. e3 Nf6 7. h4 d6 8. hxg5 hxg5 9. Rxh8+ Bxh8 10. Nh3 g4 11. Nf4 e6 12. Nd2 Bg7 13. Bc4 Qe7 14. f3 gxf3 15. Qxf3 Nc6 16. Bh4 Qf7 17. d5 Ne5 18. Qe2 Nxc4 19. Qxc4 exd5 20. Qd3 c6 21. O-O-O Bd7 22. c4 dxc4 23. Nxc4 Ne4 24. Qxe4+ fxe4 25. Nxd6+ Kf8 26. Nxf7 Bg4 27. Nd8 Bxd1 28. Kxd1 Bxb2 29. Nxb7 Kf7 30. Nd8+ Kg8 31. Nxc6 Rc8 32. Ne7+ 1-0


[Site "https://www.chess.com"]

[Event "Titled Tuesday Blitz April 19 Early 2022"]
[White "Krylov, Ivan"]
[Black "Wagner, Dinara"]
[WhiteFideId "24128066"]
[BlackFideId "24157570"]
[WhiteElo "2258"]
[BlackElo "2216"]
[Result "0-1"]
[Round "02"]
[TimeControl "180+1"]
[Date "2022.04.19"]
[WhiteClock "0:00:05"]
[BlackClock "0:00:13"]

1. e4 c5 2. Nf3 e6 3. c3 d5 4. exd5 Qxd5 5. d4 Nf6 6. Be3 cxd4 7. cxd4 Nc6 8. Nc3 Qd8 9. Be2 Be7 10. O-O O-O 11. Rc1 Nb4 12. a3 Nbd5 13. Qb3 b6 14. Ne5 Bb7 15. Nb5 a6 16. Nc3 Rc8 17. Qa4 b5 18. Qb3 Qb6 19. Rfd1 Rfd8 20. Bf3 Nxe3 21. fxe3 Bxf3 22. Nxf3 Qb7 23. Ne2 Nd5 24. Kf2 h6 25. Nc3 Nf6 26. Ne2 Ng4+ 27. Kg1 Qe4 28. Rxc8 Rxc8 29. Rd3 a5 30. h3 a4 31. Nd2 Qb7 32. Qd1 Nf6 33. Rc3 Rd8 34. Qc1 Nd5 35. Rd3 Bg5 36. Nf1 Rc8 37. Qd2 Qc6 38. Nc3 Nf6 39. Kf2 Qb7 40. Kg1 h5 41. Nh2 Ne4 42. Nf3 Nxd2 43. Nxd2 Bf6 44. Nde4 Be7 45. Rd2 b4 46. axb4 Qxb4 47. Rc2 Qb3 48. Rd2 a3 49. Rd1 axb2 50. Rb1 Rxc3 51. Nxc3 Qxc3 52. Kf2 Qc1 53. Rxb2 Qxb2+ 54. Kf3 0-1


[Site "https://www.chess.com"]

[Event "Titled Tuesday Blitz April 19 Early 2022"]
[White "Lach, Aleksandra"]
[Black "Rudykh, Stepan"]
[WhiteFideId "1134299"]
[BlackFideId "4180321"]
[WhiteElo "2172"]
[BlackElo "2099"]
[Result "1-0"]
[Round "02"]
[TimeControl "180+1"]
[Date "2022.04.19"]
[WhiteClock "0:00:07"]
[BlackClock "0:00:10"]

1. e4 e6 2. d3 c5 3. Nd2 Nc6 4. g3 g6 5. Bg2 Bg7 6. c3 e5 7. Ne2 Nge7 8. O-O d6 9. f4 O-O 10. h3 f5 11. Nc4 b5 12. Ne3 Be6 13. exf5 gxf5 14. fxe5 dxe5 15. b3 Rc8 16. Ba3 b4 17. cxb4 cxb4 18. Bb2 Qb6 19. Kf2 Bh6 20. d4 Bxe3+ 21. Kxe3 Rcd8 22. Kf2 exd4 23. Bxc6 Nxc6 24. Kg2 Bd5+ 25. Kh2 Be4 26. Nf4 Ne5 27. Qh5 Rf7 28. Rad1 Rg7 29. Rf2 d3 30. Rdf1 Qc7 31. Bxe5 Qxe5 32. Rd2 Rc8 33. Rfd1 a5 34. Qh6 Rc6 35. Qh4 Qd5 36. Nh5 Qf7 37. Nxg7 Qxg7 38. Qd8+ Qf8 39. Qd4 Qf7 40. Qe3 Qd5 41. Qg5+ Kf7 42. Qe3 Rg6 43. h4 Qe5 44. Qa7+ Kf6 45. Qe3 Kg7 46. Rxd3 f4 47. Rd7+ Kh6 48. Qxf4+ Qxf4 49. gxf4 Bf3 50. R1d6 Kh5 51. Rxg6 hxg6 52. Ra7 1-0


[Site "https://www.chess.com"]

[Event "Titled Tuesday Blitz April 19 Early 2022"]
[White "Lauridsen, Jesper Morch"]
[Black "Fonseca Manrique, Enrique"]
[WhiteFideId "1401890"]
[BlackFideId "5114330"]
[WhiteElo "2244"]
[BlackElo "2562"]
[Result "1/2-1/2"]
[Round "02"]
[TimeControl "180+1"]
[Date "2022.04.19"]
[WhiteClock "0:00:28"]
[BlackClock "0:00:23"]

1. e4 c5 2. Nf3 e6 3. d4 cxd4 4. Nxd4 Nc6 5. Nc3 Qc7 6. Be2 Nf6 7. Be3 Be7 8. O-O O-O 9. f4 d6 10. Kh1 a6 11. a4 Bd7 12. Nb3 Na5 13. Nxa5 Qxa5 14. Qe1 Qb4 15. Bd3 Rfc8 16. e5 Ng4 17. Nd5 Qxe1 18. Nxe7+ Kf8 19. Rfxe1 Kxe7 20. exd6+ Kxd6 21. Bb6 Bc6 22. h3 Nf6 23. Rad1 Ke7 24. Bc5+ Ke8 25. b4 Nd7 26. Bd6 Bxa4 27. Bxh7 Bxc2 28. Bxc2 Rxc2 29. f5 Nf8 30. Bxf8 Kxf8 31. fxe6 fxe6 32. Rd7 Re8 33. Rf1+ Kg8 34. Rff7 e5 35. Rxg7+ Kh8 36. Rh7+ Kg8 37. Rdg7+ Kf8 38. Rxb7 Kg8 39. Rhg7+ Kh8 40. Rgc7 Rb2 41. Kh2 e4 42. Kg3 e3 43. Rh7+ Kg8 44. Rbg7+ Kf8 45. Rf7+ Kg8 46. Rfg7+ Kf8 47. Rf7+ Kg8 48. Rfg7+ 1/2-1/2


[Site "https://www.chess.com"]

[Event "Titled Tuesday Blitz April 19 Early 2022"]
[White "Laxman, R.R."]
[Black "Di Nicolantonio, Lucas"]
[WhiteFideId "5005361"]
[BlackFideId "680460"]
[WhiteElo "2476"]
[BlackElo "2381"]
[Result "0-1"]
[Round "02"]
[TimeControl "180+1"]
[Date "2022.04.19"]
[WhiteClock "0:01:46"]
[BlackClock "0:00:13"]

1. d4 d5 2. Nf3 Nf6 3. c4 e6 4. Nc3 dxc4 5. e3 c5 6. Bxc4 Nc6 7. O-O cxd4 8. Nxd4 Bd7 9. e4 Nxd4 10. Qxd4 Bc6 11. Qe3 a6 12. Rd1 Qc7 13. e5 Ng4 14. Qg3 h5 15. Bf4 Bc5 16. Rd2 Qb6 17. h3 Nxf2 18. Rxf2 h4 19. Qxg7 Bxf2+ 20. Kh1 O-O-O 21. Qxf7 Bxg2+ 22. Kxg2 Rhg8+ 23. Kh1 Qc6+ 24. Nd5 exd5 25. Qf5+ Kb8 26. e6+ Ka8 27. Bd3 Rdf8 28. Qe5 Bg3 29. e7 Rxf4 30. Qe2 d4+ 0-1


[Site "https://www.chess.com"]

[Event "Titled Tuesday Blitz April 19 Early 2022"]
[White "Lazov, Toni"]
[Black "Ocelak, Jakub"]
[WhiteFideId "15000770"]
[BlackFideId "23707933"]
[WhiteElo "2321"]
[BlackElo "2048"]
[Result "1-0"]
[Round "02"]
[TimeControl "180+1"]
[Date "2022.04.19"]
[WhiteClock "0:00:02"]
[BlackClock "0:00:01"]

1. Nf3 d6 2. d4 Nf6 3. Nc3 Bf5 4. Nh4 Bc8 5. e4 Nbd7 6. g4 e5 7. g5 exd4 8. Qxd4 Ng8 9. f4 Ne7 10. Be3 Nc6 11. Qd2 h6 12. Nf3 hxg5 13. Nxg5 Be7 14. Rg1 g6 15. O-O-O Nb6 16. Kb1 Rh5 17. Nd5 Bxg5 18. Rxg5 Rxg5 19. fxg5 Be6 20. Nf6+ Kf8 21. h4 Ne5 22. b3 Nbd7 23. Nxd7+ Qxd7 24. Be2 Bg4 25. Rf1 Bxe2 26. Qxe2 Qg4 27. Qf2 Kg8 28. Bd4 Qe6 29. Kb2 Re8 30. Bc3 a6 31. h5 gxh5 32. Rh1 Qg6 33. Qh4 b5 34. Rf1 Qg7 35. Qxh5 b4 36. Bd4 c5 37. Bxe5 Rxe5 38. Kb1 Rxg5 39. Qe2 Rg1 40. Qxa6 Qg2 41. Rc1 Rxc1+ 42. Kxc1 Qg1+ 43. Kd2 Qd4+ 44. Qd3 Qf2+ 45. Qe2 Qd4+ 46. Qd3 Qf2+ 47. Kc1 Qg1+ 48. Kb2 Qh2 49. a3 Qe5+ 50. Ka2 bxa3 51. Kxa3 Kf8 52. Ka4 Qe7 53. Qd5 Qa7+ 54. Kb5 Ke7 55. e5 Qb8+ 56. Kc4 dxe5 57. Qxc5+ Ke6 58. b4 1-0


[Site "https://www.chess.com"]